 Dungeon Crawl Stone Soup version 0.24.0-13-gcf9b3192b9 (webtiles) character file.

Game seed: 932021076669345510, levelgen mode: deterministic

72 Teneria the Cudgeler (level 4, -2/29 HPs)
             Began as a Gargoyle Monk on Nov 10, 2019.
             Slain by a gnoll
             ... wielding a +0 spear
              (11 damage)
             ... on level 3 of the Dungeon.
             The game lasted 00:05:46 (1820 turns).

Teneria the Cudgeler (Gargoyle Monk)                Turns: 1820, Time: 00:05:47

Health: -2/29      AC:  5    Str: 16    XL:     4   Next: 26%
Magic:  4/4        EV: 12    Int: 10    God:
Gold:   118        SH:  3    Dex: 12    Spells: 3/3 levels left

rFire    . . .     SeeInvis .   s - +0 flail
rCold    . . .     Gourm    .   g - +0 buckler
rNeg     + . .     Faith    .   b - +0 robe
rPois    ∞         Spirit   .   (no helmet)
rElec    +         Reflect  .   (no cloak)
rCorr    .         Harm     .   (no gloves)
MR       .....                  (no boots)
Stlth    ++........             (no amulet)
HPRegen  0.09/turn              (no ring)
MPRegen  0.09/turn              (no ring)

@: no status effects
A: negative energy resistance 1, electricity resistance, unbreathing,
petrification resistance, rot immunity, AC +3
a: no special abilities


You were on level 3 of the Dungeon.
You were not hungry.

You visited 1 branch of the dungeon, and saw 3 of its levels.

You collected 118 gold pieces.

Inventory:

Hand Weapons
 a - a +0 mace
 s - a +0 flail (weapon)
Missiles
 f - 31 poisoned darts (quivered)
 n - 2 boomerangs
Armour
 b - a +0 robe (worn)
 g - a +0 buckler (worn)
Jewellery
 l - a cursed ring of teleportation {unknown}
Scrolls
 d - 5 scrolls of remove curse {unknown}
 j - 4 scrolls of teleportation {unknown}
 k - 2 scrolls of magic mapping {unknown}
 m - a scroll of blinking {unknown}
 o - 2 scrolls of identify {unknown}
Potions
 e - 2 potions of flight {unknown}
 h - a potion of curing {unknown}
 i - a potion of might {unknown}
 q - a potion of degeneration {unknown}
 r - a potion of cancellation {unknown}
Comestibles
 c - 4 rations
 p - 6 chunks of flesh


   Skills:
 + Level 3.7 Fighting
 * Level 3.8 Maces & Flails
 + Level 0.5 Throwing
 + Level 1.5 Armour
 - Level 2.5 Dodging
 - Level 2.1 Stealth
 + Level 1.1 Shields


You had 3 spell levels left.
You didn't know any spells.
Your spell library was empty.

Dungeon Overview and Level Annotations

Branches:
Dungeon (3/15)

Altars:


Innate Abilities, Weirdness & Mutations

You are resistant to torment.
Your stone body is resilient. (AC +3)
You are immune to poison.
You resist negative energy. (rN+)
You are resistant to electric shocks. (rElec)
You can survive without breathing.
You are immune to petrification.
You are immune to rotting.


Message History

There is a stone staircase leading up here.
The gnoll closely misses you.
Found 4 gold pieces.
The gnoll hits you with a +0 spear!
Found a stone staircase leading up.
You closely miss the gnoll. The gnoll hits you but does no damage.
You barely miss the gnoll. The gnoll misses you.
You sock the gnoll!
The gnoll is heavily wounded.
The gnoll hits you but does no damage. The gnoll hits you with a +0 spear.
You closely miss the gnoll.
The gnoll is heavily wounded.
The gnoll hits you with a +0 spear.
You closely miss the gnoll.
The gnoll is heavily wounded.
The gnoll hits you with a +0 spear.
You barely miss the gnoll.
The gnoll is heavily wounded.
The gnoll hits you with a +0 spear!
You die...

..... .....## #.
..#.$<......#
#.###.... .......
#........ ..$....
##.......# .....##
.........##.....).
#.............##
##.......<.....>..
.......@.###...###
#.....g#......##
##.....#####...#
#..... ...# #.....
#.# #...... .#
#.##.## .. ..


You could see a gnoll.

Vanquished Creatures
  An adder (D:2)
  A gnoll (D:3)
  2 worms (D:2)
  3 dart slugs
  A leopard gecko (D:1)
  4 bats
  2 goblins (D:2)
  8 hobgoblins
  4 jackals (D:2)
  4 kobolds (D:1)
  A quokka (D:2)
  A ball python (D:2)
  2 frilled lizards (D:1)
  5 rats
39 creatures vanquished.

Notes
Turn   | Place    | Note
-------+----------+-------------------------------------------
     0 | D:1      | Teneria the Gargoyle Monk began the quest for the Orb.
     0 | D:1      | Reached XP level 1. HP: 14/14 MP: 1/1
   301 | D:1      | Reached XP level 2. HP: 17/19 MP: 2/2
   782 | D:2      | Reached skill level 1 in Armour
   887 | D:2      | Reached XP level 3. HP: 23/23 MP: 3/3
  1266 | D:2      | Reached skill level 1 in Shields
  1688 | D:3      | Reached XP level 4. HP: 29/29 MP: 4/4
  1820 | D:3      | Slain by a gnoll

Levels and vault maps discovered:
D:1:      dpeg_chamrin_arrival_tetris, layout_basic
D:2:      layout_loops_corners, nicolae_overflow_hidden_temple
D:3:      layout_rooms, lemuel_round_altar, gammafunk_temple_overflow_wave,
          uniq_natasha

Skill      XL: |  1  2  3 |
---------------+----------+-----
Armour         | 1 |  1.5
Shields        | 1 |  1.1
Fighting       | |  3.7
Maces & Flails | |  3.8
Throwing       | |  0.5
Dodging        | |  2.5
Stealth        | |  2.1

Action                   |  1- 3 |  4- 6 || total
-------------------------+-------+-------++-------
Melee: Mace              |    85 |    18 ||   103
       Flail             |       |     6 ||     6
 Stab: Sleeping          |     6 |       ||     6
  Eat: Chunk             |     2 |     1 ||     3
Armor: Robe              |    22 |     7 ||    29
Dodge: Dodged            |    39 |    17 ||    56
Block: Buckler           |     8 |     4 ||    12
